 Dungeon Crawl Stone Soup version 0.27.0-1-g7a089689b8 (webtiles) character file.

Game seed: 14869526300977378229

326 Delamore the Sneak (level 6, 0/43 HPs)
             Began as an Octopode Brigand on Aug 6, 2021.
             Slain by a centaur skeleton (4 damage)
             ... on level 4 of the Dungeon.
             The game lasted 00:03:21 (3896 turns).

Delamore the Sneak (Octopode Brigand)               Turns: 3896, Time: 00:03:22

Health: 0/43       AC:  1    Str:  9 (11) XL:     6   Next: 49%
Magic:  6/6        EV: 13    Int: 16 (19) God:
Gold:   182        SH:  0    Dex: 14 (15) Spells: 5/5 levels left

rFire    . . .     SeeInvis .   a - +2 dagger
rCold    . . .     Faith    .   (no shield)
rNeg     . . .     Spirit   .   (helmet restricted)
rPois    .         Reflect  .   (no amulet)
rElec    .         Harm     .   t - ring of resist corrosion
rCorr    +         Rampage  .   v - +6 ring of intelligence
Will     .....                  s - ring of wizardry
Stlth    ++++......             (no ring)
HPRegen  0.14/turn              (no ring)
MPRegen  0.10/turn              (no ring)
                                (no ring)
                                (no ring)

@: very slightly contaminated, invisible
A: almost no armour, amphibious, 8 rings, camouflage 1, gelatinous body 1,
(nimble swimmer 1), tentacles
a: no special abilities


You were on level 4 of the Dungeon.
You visited 1 branch of the dungeon, and saw 4 of its levels.

You collected 182 gold pieces.

Inventory:

Hand Weapons
 a - a +2 dagger (weapon)
Missiles
 b - 8 poisoned darts (quivered)
 h - 8 javelins
Jewellery
 s - a ring of wizardry (on tentacle)
 t - a ring of resist corrosion (left tentacle)
 v - a +6 ring of intelligence (right tentacle)
Wands
 q - a wand of paralysis (5)
Scrolls
 e - 2 scrolls of identify {unknown}
 f - a scroll of blinking {unknown}
 i - a scroll of holy word {unknown}
 j - 4 scrolls of teleportation
 l - a scroll of summoning {unknown}
 n - a scroll of silence {unknown}
 o - a scroll of magic mapping {unknown}
 p - a scroll of noise {unknown}
Potions
 d - a potion of invisibility
 g - 2 potions of degeneration
 k - a potion of heal wounds {unknown}
 m - a potion of curing {unknown}
 r - a potion of brilliance {unknown}
 u - a potion of lignification {unknown}


   Skills:
 + Level 3.7 Fighting
 * Level 4.9 Short Blades
 - Level 2.0 Throwing
 - Level 1.5 Dodging
 + Level 6.7 Stealth


You had 5 spell levels left.
You didn't know any spells.
Your spell library contained the following spells:

 Spells                   Type           Power      Damage    Failure   Level
 Slow                     Hex            0%         N/A       16%         2
 Confusing Touch          Hex            0%         N/A       28%         3
 Yara's Violent Unravell  Hex/Tmut       0%         3d3       93%         5


Dungeon Overview and Level Annotations

Branches:
Dungeon (4/15)
 Temple: D:4-7

Altars:
Kikubaaqudgha
Zin


Innate Abilities, Weirdness & Mutations

You cannot wear most types of armour.
You are amphibious.
You can wear up to eight rings at the same time.
Your skin changes colour to match your surroundings (Stealth+).
Your rubbery body absorbs attacks. (AC +1, EV +1)
((You are camouflaged near water. (Stealth+)))
You have tentacles for arms and can constrict up to eight enemies at once.


Message History

You kill the hound!
You hit the centaur skeleton.
The centaur skeleton is lightly damaged.
The centaur skeleton barely misses you.
The centaur skeleton kicks you but does no damage.
You hit the centaur skeleton.
The centaur skeleton is moderately damaged.
The centaur skeleton hits you. The centaur skeleton kicks you.
* * * LOW HITPOINT WARNING * * *
You hit the centaur skeleton.
The centaur skeleton is moderately damaged.
The centaur skeleton barely misses you. The centaur skeleton kicks you.
* * * LOW HITPOINT WARNING * * *
You completely miss the centaur skeleton.
The centaur skeleton is moderately damaged.
The centaur skeleton barely misses you. The centaur skeleton kicks you.
* * * LOW HITPOINT WARNING * * *
You hit the centaur skeleton.
The centaur skeleton is heavily damaged.
The centaur skeleton hits you.
* * * LOW HITPOINT WARNING * * *
The centaur skeleton closely misses you.
You hit the centaur skeleton but do no damage.
The centaur skeleton is heavily damaged.
The centaur skeleton barely misses you.
The centaur skeleton kicks you but does no damage.
It was a potion of invisibility.
You fade into invisibility!
The centaur skeleton hits you.
* * * LOW HITPOINT WARNING * * *
The centaur skeleton closely misses you.
You are very lightly contaminated with residual magic.
It was a potion of degeneration.
There was something very wrong with that liquid.
You feel weakened.
You feel dopey.
You feel clumsy. The centaur skeleton barely misses you.
The centaur skeleton kicks you but does no damage.
A hound skeleton comes into view.
The centaur skeleton hits you.
You die...

###### .... .###
.#...##.. #..Z##...###
..##.......#
##...##..#r# ######
.......@##.# ....>
...##..Z)..#.########...
.......g####............
........########........
#.[.....>.............).
#........#####.#........
.............#.#...†..##
......##.##....#......#
...... #.##...........#


You could see a hobgoblin (wandering) and a centaur skeleton.

Vanquished Creatures
  Blork the orc (D:4)
  A hound (D:4)
  Natasha (twice) (D:4)
  Ijyb (D:4)
  A killer bee zombie (D:4)
  A hound skeleton (D:4)
  A gnoll (D:1)
  3 adders
  An ufetubus (D:4)
  A worm (D:2)
  2 dart slugs
  3 orcs
  7 endoplasms
  2 giant cockroaches
  3 goblins
  9 hobgoblins
  7 jackals
  3 quokkas
  3 ball pythons
  5 bats
  4 frilled lizards
  8 kobolds
  3 rats
72 creatures vanquished.

Notes
Turn   | Place    | Note
-------+----------+-------------------------------------------
     0 | D:1      | Delamore the Octopode Brigand began the quest for the Orb.
     0 | D:1      | Reached XP level 1. HP: 14/14 MP: 1/1
   297 | D:1      | Reached XP level 2. HP: 19/19 MP: 2/2
   395 | D:1      | Reached XP level 3. HP: 25/25 MP: 3/3
  1309 | D:2      | You fall into a shaft and drop 1 floor!
  1501 | D:3      | Found a glowing silver altar of Zin.
  1536 | D:3      | Found a faded altar of an unknown god.
  2012 | D:2      | Reached XP level 4. HP: 21/30 MP: 4/4
  2790 | D:3      | Found an ancient bone altar of Kikubaaqudgha.
  3175 | D:4      | Noticed Blork the orc
  3183 | D:4      | Killed Blork the orc
  3184 | D:4      | Reached skill level 6 in Stealth
  3184 | D:4      | Reached XP level 5. HP: 33/36 MP: 5/5
  3277 | D:4      | Noticed Natasha
  3284 | D:4      | Killed Natasha
  3367 | D:3      | Reached XP level 6. HP: 14/42 MP: 6/6
  3738 | D:4      | Noticed Natasha
  3741 | D:4      | Killed Natasha
  3862 | D:4      | Noticed Ijyb
  3876 | D:4      | Killed Ijyb
  3896 | D:4      | Slain by a centaur skeleton

Illustrated notes

Levels and vault maps discovered:
D:1:      lightli_iron_boxes, layout_basic
D:2:      mumra_celtic_spiral_tile, layout_basic, minmay_octomino_e4
D:3:      layout_basic, overflow_temple_1_default, lemuel_crystal_altar,
          dreamdust_ecumenical_altar_angels_and_demons
D:4:      layout_basic, grunt_ministairs_1, minmay_door_square,
          hangedman_decor_peaks_small, uniq_natasha, uniq_blork_the_orc,
          uniq_ijyb

Skill      XL: |  1  2  3  4 |
---------------+-------------+-----
Short Blades   | 3 4 |  4.9
Fighting       | 3 |  3.7
Stealth        | 6 |  6.7
Throwing       | |  2.0
Dodging        | |  1.5

Action                   |  1- 3 |  4- 6 || total
-------------------------+-------+-------++-------
Melee: Dagger            |    64 |    91 ||   155
       Constrict         |    12 |    21 ||    33
       Tentacles         |     6 |    21 ||    27
Throw: Dart              |     4 |     4 ||     8
       Javelin           |       |     1 ||     1
  Use: Scroll            |     1 |       ||     1
       Potion            |       |     2 ||     2
 Stab: Sleeping          |    17 |     8 ||    25
Armor: Skin              |     5 |     8 ||    13
Dodge: Dodged            |    24 |    63 ||    87
